 Dungeon Crawl Stone Soup version 0.12.2-6-g2b2ad49 (webtiles) character file.

95 Ogdradenian the Magician (level 3, 0/19 HPs)
             Began as an Octopode Wizard on June 11, 2013.
             Slain by an adder (1 damage)
             ... on Level 2 of the Dungeon.
             The game lasted 00:12:06 (1022 turns).

Ogdradenian the Magician (Octopode Wizard)          Turns: 1022, Time: 00:12:06

HP   0/19        AC  1     Str  6      XL: 3   Next: 31%
MP   5/9         EV 12     Int 21      God:
Gold 61          SH  0     Dex 10      Spells:  1 memorised,  8 levels left

Res.Fire  : . . .   See Invis. : .   (no weapon)
Res.Cold  : . . .   Warding    : .   (no shield)
Life Prot.: . . .   Conserve   : .   b - +0 wizard hat
Res.Poison: .       Res.Corr.  : .   (no amulet)
Res.Elec. : .       Clarity    : .   (no ring)
Sust.Abil.: . .     Spirit.Shd : .   (no ring)
Res.Mut.  : .       Stasis     : .   (no ring)
Res.Rott. : .       Ctrl.Telep.: .   (no ring)
Saprovore : . . .   Flight     : .   (no ring)
                                     (no ring)
                                     (no ring)
                                     (no ring)

@: mildly poisoned, very slightly contaminated, not resistant to hostile
enchantments, stealthy
A: almost no armour, amphibious, 8 rings, constrict 8, camouflage 1, AC +1
a: no special abilities


You were on level 2 of the Dungeon.
You were not hungry.

You visited 1 branch of the dungeon, and saw 2 of its levels.

You collected 41 gold pieces.

Inventory:

Armour
 b - a +0 wizard hat (worn)
Comestibles
 d - 2 bread rations
 g - 8 grapes
 h - a meat ration
Scrolls
 a - a scroll of teleportation {unknown}
 e - a scroll of enchant weapon II {unknown}
 f - a scroll of identify {unknown}
 i - 2 scrolls of curse weapon {unknown}
 j - a scroll of fear {unknown}
 l - a scroll of remove curse {unknown}
 m - a scroll of curse jewellery {unknown}
Potions
 k - a potion of confusion {unknown}
Books
 c - a book of Minor Magic

   Spells                             Type                      Level
   *Magic Dart                        Conjuration                  1
   Blink                              Translocation                2
   Call Imp                           Summoning                    2
   Repel Missiles                     Charms/Air                   2
   Slow                               Hexes                        2
   Conjure Flame                      Conjuration/Fire             3
   Mephitic Cloud                     Conjuration/Poison/Air       3


   Skills:
 + Level 0.2 Fighting
 + Level 2.3 Dodging
 + Level 2.6 Stealth
 + Level 0.2 Stabbing
 + Level 0.2 Unarmed Combat
 + Level 3.7 Spellcasting
 * Level 1.3 Conjurations
   Level 1.0 Summonings
   Level 1.0 Translocations


You had 8 spell levels left.
You knew the following spells:

 Your Spells              Type           Power        Failure   Level  Hunger
a - Magic Dart            Conj           ##...        10%         1    None


Dungeon Overview and Level Annotations

Branches:
Dungeon (2/27)

Altars:


Innate Abilities, Weirdness & Mutations

You cannot wear most types of armour.
You are amphibious.
You can wear up to eight rings at the same time.
You can use your tentacles to constrict many enemies at once.
Your skin changes colour to match your surroundings (Stlth).
Your rubbery body absorbs attacks (AC +1).


Message History

Casting: Magic Dart
Confirm with . or Enter, or press ? or * to list all spells.
Aiming: Magic Dart
Press: ? - help, Shift-Dir - straight line, f/p - adder
Aim: an adder (severely wounded)
You miscast Magic Dart.
You are very lightly contaminated with residual magic.
Sparks fly from your tentacles! The adder bites you.
* * * LOW HITPOINT WARNING * * *
You hit the adder. Your grab misses the adder. Your squeeze misses the adder.
The adder is severely wounded.
The adder misses you.
You hit the adder but do no damage. Your grab misses the adder.
The adder is severely wounded.
The adder completely misses you. The adder bites you.
* * * LOW HITPOINT WARNING * * *
You hit the adder. Your grab misses the adder.
The adder is severely wounded.
The adder bites you.
You die...

# .#
####.###.
#........
#......#
#@S....#
#......#
########


You could see an adder.

Vanquished Creatures
  A gnoll (D:1)
  5 bats (D:1)
  A giant cockroach (D:1)
  5 goblins (D:1)
  3 hobgoblins (D:1)
  4 kobolds (D:1)
  6 rats (D:1)
25 creatures vanquished.

Notes
Turn   | Place    | Note
--------------------------------------------------------------
     0 | D:1      | Ogdradenian, the Octopode Wizard, began the quest for the Orb.
     0 | D:1      | Reached XP level 1. HP: 9/9 MP: 5/5
   192 | D:1      | Reached XP level 2. HP: 13/15 MP: 4/7
   655 | D:1      | Reached XP level 3. HP: 8/19 MP: 0/9
  1022 | D:2      | Slain by an adder

Action                   || total
-------------------------++-------
Melee: Unarmed           ||    40
 Cast: Magic Dart        ||    48
 Stab: Sleeping          ||     2
